 Dungeon Crawl Stone Soup version 0.25.1-2-g60ff931df9 (webtiles) character file.

Game seed: 17777667540420239459

6085 Lavandula the Archer (level 10, 22/91 HPs)
             Began as a Centaur Arcane Marksman on Sept 25, 2020.
             Was a Believer of Ashenzari.
             Quit the game on level 11 of the Dungeon.
             The game lasted 00:43:08 (15338 turns).

Lavandula the Archer (Centaur Arcane Marksman)     Turns: 15338, Time: 00:43:09

Health: 22/91      AC:  9    Str: 19    XL:     10   Next: 58%
Magic:  6/7        EV: 12    Int: 13    God:    Ashenzari [**....]
Gold:   134        SH:  0    Dex: 21    Spells: 4/17 levels left

rFire    + + +     SeeInvis .   a - +0 shortbow
rCold    x . .     Gourm    .   (shield currently unavailable)
rNeg     . . .     Faith    .   x - +3 leather armour of Idealism {rPois rF+++ rC- MP-9}
rPois    +         Spirit   .   (no helmet)
rElec    .         Reflect  .   (no cloak)
rCorr    .         Harm     .   d - +1 pair of gloves {Dex+3}
MR       .....                  (no barding)
Stlth    +.........             (no amulet)
HPRegen  0.25/turn              y - +6 ring of dexterity
MPRegen  0.10/turn              D - +6 ring of strength

@: very quick
A: large, hooves 3, deformed body, speed 2, tough skin 3
a: Curse Item, Scrying, Renounce Religion


You were on level 11 of the Dungeon.
You worshipped Ashenzari.
Ashenzari was pleased with you.
You were near starving.

You visited 3 branches of the dungeon, and saw 13 of its levels.

You collected 471 gold pieces.
You spent 337 gold pieces at shops.

Inventory:

Hand Weapons
 a - a +0 shortbow (weapon)
 e - a +0 vampiric rapier
 j - a +0 spear
 n - a +0 arbalest of flaming
 r - a +2 dagger of venom
 z - a +0 quarterstaff
 A - a +3 scimitar
 I - a +2 falchion of holy wrath
Missiles
 h - 73 bolts
 B - 16 poisoned darts
 M - 23 arrows (quivered)
Armour
 d - a +1 pair of gloves of dexterity (worn)
 x - the +3 leather armour of Idealism (worn) {rPois rF+++ rC- MP-9}
   (You found it on level 4 of the Dungeon)

   It renders you almost immune to fire.
   It makes you vulnerable to cold.
   It protects you from poison.
   It affects your magic capacity (-9).
 E - the +7 chain mail of the Orange Skies {Int+4}
   (You found it on level 7 of the Dungeon)

   It affects your intelligence (+4).
 H - a +0 troll leather armour
Magical Staves
 q - an uncursed staff of air
Jewellery
 c - a +6 ring of intelligence
 i - an uncursed ring of magical power
 y - a +6 ring of dexterity (left hand)
 D - a +6 ring of strength (right hand)
Wands
 u - a wand of polymorph (7)
Scrolls
 b - 4 scrolls of remove curse
 g - 3 scrolls of amnesia
 m - 4 scrolls of enchant weapon
 t - 2 scrolls of fog
 v - 5 scrolls of teleportation
 C - a scroll of random uselessness {unknown}
 J - 2 scrolls of blinking {unknown}
 K - a scroll of magic mapping {unknown}
Potions
 k - a potion of might
 l - a potion of resistance {unknown}
 o - a potion of brilliance {unknown}
 p - 3 potions of magic
 s - 4 potions of haste
 w - a potion of heal wounds {unknown}
 F - a potion of flight
 G - a potion of berserk rage {unknown}
Comestibles
 f - 14 rations


   Skills:
 - Level 9.1 Fighting
 - Level 13.5 Bows
 - Level 4.4 Dodging
 - Level 4.3 Spellcasting
 - Level 2.6 Hexes


You had 4 spell levels left.
You knew the following spells:

 Your Spells              Type           Power        Failure   Level  Hunger
a - Corona                Hex            #......      8%          1    None
b - Slow                  Hex            #.......     12%         2    ##.....
c - Inner Flame           Hex/Fire       #.......     38%         3    ###....
d - Portal Projectile     Hex/Tloc       #.....       38%         3    ###....
e - Cause Fear            Hex            #.........   61%         4    ####...

Your spell library contained the following spells:

 Spells                   Type           Power        Failure   Level  Hunger
 Beastly Appendage        Tmut           #.....       24%         1    None
 Sticks to Snakes         Tmut           #.......     34%         2    ##.....
 Spider Form              Tmut/Pois      #.........   56%         3    ###....
 Leda's Liquefaction      Hex/Erth       #.........   80%         4    ####...
 Ice Form                 Ice/Tmut       #.......     93%         4    ####...
 Blade Hands              Tmut           #.........   100%        5    ######.
 Bolt of Magma            Conj/Fire/Erth #.........   100%        5    ######.
 Iskenderun's Battlesphe  Conj/Chrm      #.......     100%        5    ######.
 Iron Shot                Conj/Erth      #.........   100%        6    #######
 Orb of Destruction       Conj           #.........   100%        7    #######
 Spellforged Servitor     Conj/Summ      #.........   100%        7    #######


Dungeon Overview and Level Annotations

Branches:
Dungeon (11/15)            Temple (1/1) D:5            Lair (0/6) D:10
    Orc (1/2) D:9

Altars:
Ashenzari
Cheibriados
Dithmenos
Elyvilon
Fedhas
Gozag
Hepliaklqana
Kikubaaqudgha
Makhleb
Nemelex Xobeh
Okawaru
Qazlal
Ru
Sif Muna
Trog
Uskayaw
Vehumet
Wu Jian
Xom
Yredelemnul
Zin
The Shining One

Shops:
D:4 [   D:5 [   Orc:1 (

Annotations:
D:6 2 transporters, kalagan's ghost, novice GrFi


Innate Abilities, Weirdness & Mutations

You have hooves in place of feet.
Armour fits poorly on your strangely shaped body.
You cover ground very quickly.
You have extremely tough skin. (AC +3)


Message History

Press: ? - help, Shift-Dir - straight line, f/p - orc warrior
Aim: an orc warrior, wielding a +4 mace of protection, wearing a +0 chain mail and carrying a wand of disintegration (16)
You shoot an arrow.
The arrow hits the orc warrior but does no damage.
Casting: Corona (safe; 8% risk of failure)
Confirm with . or Enter, or press ? or * to list all spells.
Aiming: Corona (safe; 8% risk of failure)
Press: ? - help, Shift-Dir - straight line, f/p - orc warrior
Aim: an orc warrior, wielding a +4 mace of protection, wearing a +0 chain mail and carrying a wand of disintegration (16) (chance to defeat MR: 44%)
The orc warrior resists with significant effort.
The orc warrior zaps a wand.
You are blasted!
The orc warrior zaps a wand.
You are blasted!
* * * LOW HITPOINT WARNING * * *
Evoke which item? (* to show all) (? for menu, Esc to quit)
Okay, then.
Okay, then.
Char dumped successfully.
Unknown command.
Unknown command.
Are you sure you want to abandon this character and quit the game? (Confirm with "yes".)

, #...%# , * * , #....#
* * #...(# *, #....# *,
##'#o# , *
#####.#.####### ,
............... , *
###############o#######
#.........@.....#
###.###############
#...# ###.# #.# #.# #.#
* * #.# * #.# ,


You could see an orc warrior.

Vanquished Creatures
  A two-headed ogre (D:10)
  A queen bee (D:9)
  A hippogriff (D:10)
  A dream sheep (Orc:1)
  A hungry ghost (D:10)
  An acid dragon (D:11)
  A warg (Orc:1)
  2 phantoms
  An orc warrior (D:8)
  2 sky beasts
  A black bear (D:10)
  A necrophage (D:10)
  2 ice beasts
  2 centaurs
  5 ogres
  A big kobold (D:8)
  4 bullfrogs
  A wyvern skeleton (D:8)
  2 scorpions
  18 killer bees (D:9)
  11 wights
  A centaur zombie (D:5)
  A lava snake (D:10)
  A bullfrog zombie (D:8)
  2 crimson imps
  3 hounds
  8 orc priests
  2 bullfrog skeletons
  A centaur skeleton (D:10)
  4 iguanas
  9 orc wizards
  9 worker ants
  A killer bee zombie (D:6)
  A hound zombie (D:10)
  A worker ant zombie (D:7)
  4 gnolls
  11 adders
  A shadow imp (D:9)
  An ooze (D:6)
  3 adder skeletons
  2 worms (D:6)
  3 dart slugs
  3 leopard geckos
  27 orcs
  A bat zombie (D:2)
  7 giant cockroaches
  7 hobgoblins
  6 jackals
  7 quokkas
  A ball python zombie (D:5)
  7 bats
  6 frilled lizards
  8 goblins
  10 kobolds
  A leopard gecko skeleton (D:5)
  9 rats
229 creatures vanquished.

Vanquished Creatures (others)
  An orc wizard (D:3)
  An adder (D:3)
  A shadow imp (D:3)
  An orc (D:3)
  A kobold (D:3)
  6 plants (D:6)
11 creatures vanquished.

Grand Total: 240 creatures vanquished

Notes
Turn   | Place    | Note
-------+----------+-------------------------------------------
     0 | D:1      | Lavandula the Centaur Arcane Marksman began the quest for
                  | the Orb.
     0 | D:1      | Reached XP level 1. HP: 16/16 MP: 2/2
   101 | D:1      | Reached skill level 3 in Bows
   435 | D:1      | Reached XP level 2. HP: 23/23 MP: 3/3
   463 | D:1      | Reached skill level 4 in Bows
   842 | D:2      | Found a blossoming altar of Fedhas.
   930 | D:2      | Reached XP level 3. HP: 28/28 MP: 4/4
   934 | D:2      | Learned a level 2 spell: Slow
  1018 | D:2      | Reached skill level 5 in Bows
  1914 | D:3      | Found a hazy altar of Hepliaklqana.
  1985 | D:3      | Reached XP level 4. HP: 27/35 MP: 5/5
  2128 | D:3      | Found a blossoming altar of Fedhas.
  2299 | D:3      | Reached skill level 6 in Bows
  2447 | D:3      | Found a burning altar of Makhleb.
  2558 | D:3      | Found a radiant altar of Vehumet.
  3329 | D:4      | Noticed an ogre
  3621 | D:4      | Reached skill level 7 in Bows
  3621 | D:4      | Reached XP level 5. HP: 40/40 MP: 6/6
  3686 | D:4      | Noticed a phantom
  4128 | D:4      | Got a fine leather armour
  4143 | D:4      | Identified the +3 leather armour of Idealism {rPois rF+++
                  | rC- MP-9} (You found it on level 4 of the Dungeon)
  4381 | D:4      | Reached XP level 6. HP: 35/51 MP: 4/7
  4936 | D:4      | Identified the +1 chain mail "Wytepiq" {rC+ MR+ Int-3}
  4975 | D:4      | Found Caetifig's Antique Armour Shoppe.
  4984 | D:4      | Bought a pair of glowing gloves for 142 gold pieces
  5620 | D:5      | Entered Level 5 of the Dungeon
  5734 | D:5      | Found a sparkling altar of Nemelex Xobeh.
  5814 | D:5      | Found Raipitto's Armour Shop.
  5869 | D:5      | Reached skill level 5 in Fighting
  6091 | D:5      | Reached XP level 7. HP: 59/61 MP: 0/8
  6111 | D:5      | Found a staircase to the Ecumenical Temple.
  6140 | Temple   | Entered the Ecumenical Temple
  6720 | D:5      | Found a sacrificial altar of Ru.
  6846 | D:5      | Found a glowing golden altar of the Shining One.
  7165 | D:6      | Noticed a wraith
  7167 | D:6      | Found a shattered altar of Ashenzari.
  7712 | D:6      | Reached XP level 8. HP: 62/74 MP: 0/9
  7910 | D:6      | Found a transporter.
  7911 | D:6      | Found a transporter.
  8062 | D:6      | Found a shimmering blue altar of Sif Muna.
  8085 | D:6      | Became a worshipper of Ashenzari the Shackled
  8616 | D:6      | Noticed kalagan's ghost (novice GrFi)
  9092 | D:7      | Found a white marble altar of Elyvilon.
  9144 | D:7      | Found a basalt altar of Yredelemnul.
  9283 | D:7      | Got the uncursed chain mail of the Orange Skies {Int+4}
  9869 | D:7      | Reached XP level 9. HP: 66/83 MP: 1/10
  9874 | D:7      | Learned a level 3 spell: Inner Flame
 10496 | D:8      | Reached * piety under Ashenzari
 10887 | D:9      | Found a stormy altar of Qazlal.
 11592 | D:9      | Noticed a queen bee
 11610 | D:9      | Killed a queen bee
 11610 | D:9      | Reached skill level 8 in Bows
 11792 | D:9      | Reached skill level 9 in Bows
 12142 | D:9      | Found an opulent altar of Gozag.
 12222 | D:9      | Found a staircase to the Orcish Mines.
 12662 | D:8      | Reached skill level 10 in Bows
 12962 | D:8      | Reached XP level 10. HP: 30/91 MP: 7/16
 13207 | D:8      | Learned a level 3 spell: Portal Projectile
 13212 | D:8      | Learned a level 4 spell: Cause Fear
 13515 | D:10     | Entered Level 10 of the Dungeon
 13515 | D:10     | Found a staircase to the Lair.
 13515 | D:10     | Noticed a death yak
 13515 | D:10     | Noticed a death yak
 13566 | Orc:1    | Entered Level 1 of the Orcish Mines
 13576 | Orc:1    | Reached skill level 11 in Bows
 13617 | Orc:1    | Found Gaabucumm's Antique Weapon Emporium.
 13618 | Orc:1    | Noticed an orc sorcerer
 13620 | Orc:1    | Noticed a sea snake
 13620 | Orc:1    | an orc sorcerer changed into a sea snake
 13821 | Orc:1    | Noticed an elephant
 13821 | Orc:1    | a sea snake changed into an elephant
 13832 | Orc:1    | Noticed an orc knight
 13834 | Orc:1    | Bought a glowing arbalest for 195 gold pieces
 13893 | D:10     | Noticed a death yak
 13893 | D:10     | Noticed a death yak
 13893 | D:10     | Noticed a death yak
 13894 | D:10     | Noticed a death yak
 14177 | D:10     | Noticed a two-headed ogre
 14209 | D:10     | Reached ** piety under Ashenzari
 14216 | D:10     | Found an ancient bone altar of Kikubaaqudgha.
 14249 | D:10     | Reached skill level 12 in Bows
 14315 | D:10     | Killed a two-headed ogre
 14530 | D:10     | Reached skill level 13 in Bows
 14830 | D:10     | Noticed a gargoyle
 14849 | D:10     | HP: 1/91 [gargoyle/stone arrow (9)]
 15338 | D:11     | Quit the game

Illustrated notes

Levels and vault maps discovered:
D:1:      beargit_arrival_greenhouse, layout_rooms
D:2:      layout_basic, kennysheep_vampire_church, first_ration,
          fedhas_ov_isle_minmay, uniq_sigmund
D:3:      layout_loops_ring, fiery_altar_vehumet, makhleb_grotto_becter,
          nicolae_overflow_hidden_temple, marbit_many_paths, kennysheep_nub,
          minmay_close_crescents
D:4:      layout_loops_corners, serial_shops, shop, bh_chokoban
D:5:      layout_rooms, nicolae_ru_the_path_less_chosen, tso_altar,
          minmay_temple_entry_wispy, serial_shops, shop_fountains,
          nemelex_lonely_heart_becter
D:6:      layout_cave_pools, cheibrodos_ashenzari_chains, basic_altar,
          gammafunk_ghost_gnarly_gnolls
D:7:      layout_basic, kennysheep_ying_yang
D:8:      layout_rooms, serial_aquarium, aquarium_bridge_long_joined
          [aquarium_subvault_window, aquarium_subvault_window,
          aquarium_subvault_bridge, aquarium_subvault_bridge,
          aquarium_subvault_bridge, aquarium_subvault_bridge],
          aquarium_bridge_straight [aquarium_subvault_bridge,
          aquarium_subvault_wall, aquarium_subvault_bridge,
          aquarium_subvault_wall], aquarium_window_1, aquarium_window_corner,
          aquarium_view_2c, aquarium_view_2c, aquarium_pool_1
D:9:      layout_loops_corners, nicolae_gozag_cash_rules_everything_around_me,
          old_standard_altar, orc_0_dummy, david_nohive_1,
          chequers_serial_rivers_large_b
D:10:     layout_loops_ring, dpeg_lair_monsters, basic_altar,
          kennysheep_cluttered_room
D:11:     layout_basic
Temple:   zaba_magenta_temple
Orc:1:    layout_diamond_mine, serial_shops, shop, shop, shop

Skill      XL: |  1  2  3  4  5  6  7  8  9 10 |
---------------+-------------------------------+-----
Bows           | 3 4 5 7 10 13 | 13.5
Fighting       | 3 5 7 9 |  9.1
Dodging        | 4 |  4.4
Spellcasting   | 4 |  4.3
Hexes          | |  2.6

Action                   |  1- 3 |  4- 6 |  7- 9 | 10-12 || total
-------------------------+-------+-------+-------+-------++-------
Melee: Shortbow          |       |    11 |       |       ||    11
       Kick              |       |    28 |   164 |    31 ||   223
       Staff             |       |   132 |    24 |       ||   156
       Spear             |       |       |   226 |       ||   226
       Scimitar          |       |       |   170 |    30 ||   200
       Rapier            |       |       |     9 |       ||     9
       Dagger            |       |       |       |    24 ||    24
       Falchion          |       |       |       |     7 ||     7
 Fire: Shortbow          |   112 |    23 |    35 |    47 ||   217
       Arbalest          |       |       |       |    29 ||    29
Throw: Dart              |    15 |   134 |    57 |    12 ||   218
       Throwing net      |       |     2 |       |       ||     2
 Cast: Corona            |    31 |    44 |     3 |     2 ||    80
       Slow              |       |       |     2 |       ||     2
Evoke: Wand              |       |       |       |     3 ||     3
  Use: Scroll            |       |     9 |     5 |     1 ||    15
       Potion            |       |     3 |     2 |     2 ||     7
 Stab: Sleeping          |       |       |     1 |       ||     1
  Eat: Chunk             |     3 |    13 |    12 |     3 ||    31
       Ration            |       |       |     2 |     2 ||     4
Armor: Robe              |    35 |    34 |       |       ||    69
       Leather armour    |       |    75 |   179 |    34 ||   288
       Skin              |       |       |    22 |    15 ||    37
Dodge: Dodged            |    42 |   136 |   239 |    58 ||   475
       Rpst.: Scimitar   |       |       |    47 |     6 ||    53
       Falchion          |       |       |       |     2 ||     2
